 Dungeon Crawl Stone Soup version 0.24.0-123-gd5b16e6ec5 (webtiles) character file.

Game seed: 15495272710723453696, levelgen mode: deterministic

5961 Enkuryo the Cleaver (level 10, -1/91 HPs)
             Began as a Minotaur Fighter on Jan 13, 2020.
             Was a Believer of Nemelex Xobeh.
             Killed from afar by an electric eel (10 damage)
             ... with a bolt of electricity
             ... on level 1 of the Lair of Beasts.
             The game lasted 01:33:04 (7760 turns).

Enkuryo the Cleaver (Minotaur Fighter)              Turns: 7760, Time: 01:33:06

Health: -1/91      AC: 15    Str: 27    XL:     10   Next: 54%
Magic:  9/9        EV: 10    Int:  5    God:    Nemelex Xobeh [**....]
Gold:   480        SH: 12    Dex: 11    Spells: 9/9 levels left

rFire    + . .     SeeInvis .   w - +1 broad axe
rCold    . . .     Gourm    .   c - +0 shield
rNeg     . . .     Faith    .   x - +1 chain mail
rPois    .         Spirit   .   (helmet restricted)
rElec    .         Reflect  .   (no cloak)
rCorr    .         Harm     .   i - +0 pair of gloves
MR       .....                  j - +0 pair of boots
Stlth    ..........             (no amulet)
HPRegen  0.25/turn              h - ring of protection from cold
MPRegen  0.11/turn              u - ring of fire

@: no status effects
A: retaliatory headbutt, horns 2, strong 2, MP-powered wands, sturdy frame 1
a: Draw Escape, Draw Destruction, Draw Summoning, Renounce Religion


You were on level 1 of the Lair of Beasts.
You worshipped Nemelex Xobeh.
Nemelex Xobeh was pleased with you.
You were not hungry.

You visited 2 branches of the dungeon, and saw 9 of its levels.

You collected 480 gold pieces.

Inventory:

Hand Weapons
 w - a +1 broad axe (weapon)
Missiles
 e - 164 stones (quivered)
Armour
 c - a +0 shield (worn)
 i - a +0 pair of gloves (worn)
 j - a +0 pair of boots (worn)
 x - a +1 chain mail (worn)
Jewellery
 h - a ring of protection from cold (left hand)
 u - a ring of fire (right hand)
Wands
 g - a wand of iceblast (14)
 r - a wand of random effects (33)
 s - a wand of paralysis (3)
 t - a wand of acid (10)
Scrolls
 a - 2 scrolls of blinking
 l - 5 scrolls of teleportation
 o - 2 scrolls of remove curse
 p - a scroll of amnesia
 v - a scroll of identify
Potions
 b - a potion of curing
 d - a potion of heal wounds
 n - a potion of cancellation
Comestibles
 f - 25 rations


   Skills:
 + Level 9.2 Fighting
 * Level 10.5(11.0) Axes
   Level 4.9(8.4) Maces & Flails
 + Level 9.3 Armour
 - Level 3.5 Dodging
 + Level 9.2 Shields


You had 9 spell levels left.
You didn't know any spells.
Your spell library contained the following spells:

 Spells                   Type           Power        Failure   Level  Hunger
 Shock                    Conj/Air       #...         98%         1    ##.....
 Sting                    Conj/Pois      #...         98%         1    ##.....
 Poisonous Vapours        Pois/Air       #.....       99%         2    ###....
 Swiftness                Chrm/Air       #.......     99%         2    ###....
 Mephitic Cloud           Conj/Pois/Air  #.......     100%        3    ####...
 Static Discharge         Conj/Air       #.......     100%        3    ####...
 Airstrike                Air            #.........   100%        4    #####..
 Olgreb's Toxic Radiance  Pois           #.......     100%        4    #####..
 Lightning Bolt           Conj/Air       #.........   100%        5    ######.
 Venom Bolt               Conj/Pois      #.........   100%        5    ######.


Dungeon Overview and Level Annotations

Branches:
Dungeon (8/15)             Temple (0/1) D:4            Lair (1/6) D:8

Altars:
Ashenzari
Cheibriados
Dithmenos
Nemelex Xobeh
Okawaru
Trog
Uskayaw
Vehumet
The Shining One

Shops:
D:5 [   D:7 *


Innate Abilities, Weirdness & Mutations

You reflexively headbutt those who attack you in melee.
You have a pair of horns on your head.
Your muscles are very strong. (Str +4)
You expend magic power (3 MP) to strengthen your wands.
Your movements are slightly less encumbered by armour. (ER -2)


Message History

The bolt of electricity hits you!
* * * LOW HITPOINT WARNING * * *
The bolt of electricity hits you!
* * * LOW HITPOINT WARNING * * *
You feel much better.
The electric eel shoots out a bolt of lightning at you!
The bolt of electricity hits you!
* * * LOW HITPOINT WARNING * * *
The electric eel shoots out a bolt of lightning at you!
The bolt of electricity hits you!
* * * LOW HITPOINT WARNING * * *
The bolt of electricity hits you.
* * * LOW HITPOINT WARNING * * *
The electric eel shoots out a bolt of lightning at you!
The bolt of electricity hits you.
* * * LOW HITPOINT WARNING * * *
The electric eel shoots out a bolt of lightning at you!
The bolt of electricity hits you!
You die...
Your body disappears without a glow.

.##
#......................# .#
##.....................# ##
#.......................
###
#..##.#............###..
..## #..# ###>....#......#
...###..###....####......#
##.....##........#.......#
##......................#
##............@..)......#
.........................##
...........≈≈;;.........
...........≈≈[≈≈........
#......:..≈≈..;≈≈.......
#...#....≈≈≈(≈≈≈........
...##....≈≈≈>.[≈........
... #......≈≈%.≈........


You could see 3 electric eels.

Vanquished Creatures
  Harold (D:8)
  Pikel (D:6)
  2 hippogriffs
  Sigmund (D:4)
  A shadow (D:7)
  Eustachio (D:6)
  2 humans (D:7)
  A warg (D:8)
  A porcupine (D:8)
  2 orc warriors
  An ice beast (D:5)
  3 slaves (D:6)
  A black bear (D:7)
  3 phantoms
  5 ogres
  5 centaurs
  A big kobold (D:7)
  6 bullfrogs
  Blork the orc (D:4)
  4 scorpions
  6 killer bees
  A water moccasin skeleton (D:7)
  2 quasits
  2 bullfrog zombies
  A hound (D:5)
  A jelly (D:5)
  3 orc priests
  A bullfrog skeleton (D:3)
  5 orc wizards
  3 iguanas
  10 worker ants
  2 howler monkey zombies
  Robin (D:3)
  3 gnolls (D:5)
  9 adders
  A shadow imp (D:7)
  An ooze (D:6)
  An adder skeleton (D:7)
  An adder zombie (D:6)
  3 worms
  2 dart slugs
  3 leopard geckos
  15 orcs
  3 bats
  3 giant cockroaches
  17 goblins
  8 hobgoblins
  14 jackals
  16 kobolds
  2 quokkas
  A ball python (D:2)
  12 frilled lizards
  2 quokka skeletons
  10 rats
  A fungus (Lair:1)
  2 plants (Lair:1)
211 creatures vanquished.

Vanquished Creatures (others)
  A ball lightning (D:5)
1 creature vanquished.

Grand Total: 212 creatures vanquished

Notes
Turn   | Place    | Note
-------+----------+-------------------------------------------
     0 | D:1      | Enkuryo the Minotaur Fighter began the quest for the Orb.
     0 | D:1      | Reached XP level 1. HP: 19/19 MP: 0/0
   203 | D:1      | Reached XP level 2. HP: 27/27 MP: 1/1
   594 | D:2      | Reached XP level 3. HP: 28/33 MP: 2/2
   900 | D:2      | Reached skill level 3 in Axes
   957 | D:2      | Found a glowing golden altar of the Shining One.
   958 | D:2      | Found a bloodstained altar of Trog.
   962 | D:2      | Found a shattered altar of Ashenzari.
  1528 | D:3      | Reached XP level 4. HP: 38/40 MP: 3/3
  1614 | D:3      | Reached XP level 5. HP: 43/47 MP: 4/4
  1877 | D:3      | Noticed Robin
  2006 | D:3      | Killed Robin
  2006 | D:3      | Reached skill level 5 in Armour
  2052 | D:3      | Found a snail-covered altar of Cheibriados.
  2058 | D:3      | Became a worshipper of Cheibriados the Contemplative
  2181 | D:3      | Found a sparkling altar of Nemelex Xobeh.
  2193 | D:3      | Reached skill level 4 in Axes
  2193 | D:3      | Reached skill level 1 in Dodging
  2196 | D:3      | Reached skill level 5 in Fighting
  2218 | D:3      | Fell from the grace of Cheibriados
  2218 | D:3      | Became a worshipper of Nemelex Xobeh the Trickster
  2241 | D:3      | Gained mutation: You are partially covered in thin metallic
                  | scales. (AC +2) [potion of mutation]
  2241 | D:3      | Gained mutation: Your movements are slightly less
                  | encumbered by armour. (ER -2) [potion of mutation]
  2241 | D:3      | Gained mutation: You have supernaturally acute eyesight.
                  | (SInv) [potion of mutation]
  2541 | D:3      | Reached skill level 5 in Shields
  2541 | D:3      | Reached XP level 6. HP: 56/56 MP: 5/5
  2767 | D:4      | Received a gift from Nemelex Xobeh
  2767 | D:4      | Found a staircase to the Ecumenical Temple.
  2789 | D:4      | Noticed Blork the orc
  2801 | D:4      | Killed Blork the orc
  3162 | D:4      | Noticed Sigmund
  3198 | D:4      | Killed Sigmund
  3198 | D:4      | Reached skill level 1 in Maces & Flails
  3198 | D:4      | Reached XP level 7. HP: 37/61 MP: 6/6
  3445 | D:4      | Found a shadowy altar of Dithmenos.
  3477 | D:5      | Entered Level 5 of the Dungeon
  3545 | D:5      | Reached skill level 5 in Axes
  3873 | D:5      | Got a steaming ring mail
  3890 | D:5      | Identified the cursed +1 ring mail "Xeleibaj" {+Fly rElec}
                  | (You found it on level 5 of the Dungeon)
  3907 | D:5      | Reached XP level 8. HP: 70/70 MP: 7/7
  3949 | D:5      | Reached * piety under Nemelex Xobeh
  4436 | D:5      | Found Sefuifeu's Armour Boutique.
  4503 | D:5      | Noticed a +0 dagger
  4503 | D:5      | Noticed a -1 dagger
  4504 | D:5      | Found a hide-covered altar of Uskayaw.
  4531 | D:5      | Was forgiven by Cheibriados
  4556 | D:5      | Gained mutation: You are frail. (-10% HP) [mutagenic glow]
  4756 | D:5      | Reached skill level 6 in Axes
  4986 | D:6      | Reached skill level 7 in Axes
  5059 | D:6      | Lost mutation: You are frail. (-10% HP) [potion of
                  | mutation]
  5059 | D:6      | Lost mutation: You are partially covered in thin metallic
                  | scales. (AC +2) [potion of mutation]
  5059 | D:6      | Gained mutation: You expend magic power (3 MP) to
                  | strengthen your wands. [potion of mutation]
  5059 | D:6      | Lost mutation: You have supernaturally acute eyesight.
                  | (SInv) [potion of mutation]
  5059 | D:6      | Gained mutation: Your muscles are strong. (Str +2) [potion
                  | of mutation]
  5059 | D:6      | Gained mutation: Your muscles are very strong. (Str +4)
                  | [potion of mutation]
  5159 | D:6      | Received a gift from Nemelex Xobeh
  5208 | D:6      | Reached XP level 9. HP: 57/79 MP: 8/8
  5234 | D:6      | Found a radiant altar of Vehumet.
  5236 | D:6      | Noticed Eustachio
  5274 | D:6      | Killed Eustachio
  5391 | D:6      | Reached skill level 8 in Axes
  5619 | D:6      | Noticed Pikel
  5646 | D:6      | Killed Pikel
  6058 | D:7      | Reached skill level 9 in Axes
  6114 | D:7      | Reached XP level 10. HP: 81/90 MP: 9/9
  6234 | D:7      | Found an iron altar of Okawaru.
  6498 | D:7      | Found Witz's Assorted Antiques.
  6926 | D:8      | Reached ** piety under Nemelex Xobeh
  6944 | D:8      | Noticed Harold
  6949 | D:8      | Noticed Maurice
  6957 | D:8      | Killed Harold
  6957 | D:8      | Reached skill level 10 in Axes
  7014 | D:8      | Noticed Maurice
  7014 | D:8      | Maurice changed into Maurice the porcupine
  7046 | D:8      | Killed Maurice the porcupine
  7496 | D:8      | Found a staircase to the Lair.
  7508 | Lair:1   | Entered Level 1 of the Lair of Beasts
  7760 | Lair:1   | Killed from afar by an electric eel

Levels and vault maps discovered:
D:1:      eino_arrival_druids_welcome, layout_basic
D:2:      layout_loops_ring, nicolae_overflow_hidden_temple, corner_web_ring
D:3:      layout_basic, nemelex_xobeh_ov_fountains_minmay,
          kennysheep_slug_shrine, first_ration, lightli_corner_chamber,
          uniq_robin
D:4:      layout_basic, marbit_many_paths, minmay_temple_entry_mini_moons,
          gammafunk_ghost_cemetery, hangedman_decor_points, minmay_distorted,
          uniq_menkaure, uniq_sigmund, uniq_blork_the_orc
D:5:      layout_basic, dancing_weapons_uskayaw, serial_shops, shop
D:6:      layout_basic, lemuel_round_altar, uniq_eustachio, uniq_pikel
D:7:      layout_loops_ring, okawaru_humans, serial_shops,
          kennysheep_little_box, grunt_ogre_cave
D:8:      layout_gridville, elyvilon_altar_1, lair_entry_dummy, uniq_harold,
          uniq_psyche, uniq_maurice, uniq_grum
Lair:1:   layout_layer_cave, serial_bayou_pond_c, disabler_island,
          lemuel_fruit_tree, uniq_sonja, uniq_fannar

Skill      XL: |  1  2  3  4  5  6  7  8  9 10 |
---------------+-------------------------------+-----
Armour         | 4 5 6 7 8 9 |  9.3
Fighting       | 4 5 6 7 8 9 |  9.2
Shields        | 4 5 6 7 8 9 |  9.2
Axes           | 3 4 5 7 9 10 | 10.5
Dodging        | 1 2 3 |  3.5
Maces & Flails | 1 2 3 4 |  4.9

Action                   |  1- 3 |  4- 6 |  7- 9 | 10-12 || total
-------------------------+-------+-------+-------+-------++-------
Melee: War axe           |    89 |       |   300 |    36 ||   425
       Headbutt          |    17 |    33 |    37 |    23 ||   110
       Hand axe          |    32 |   179 |       |       ||   211
       Whip              |       |       |    14 |       ||    14
       Broad axe         |       |       |       |    79 ||    79
Throw: Stone             |     1 |       |       |    10 ||    11
 Abil: Draw Destruction  |       |       |     3 |     2 ||     5
Evoke: Wand              |       |       |       |     1 ||     1
  Use: Scroll            |     5 |     5 |     2 |     6 ||    18
       Potion            |     1 |     6 |     5 |     4 ||    16
  Eat: Chunk             |     2 |     1 |     1 |       ||     4
       Ration            |       |     2 |     3 |     1 ||     6
Armor: Scale mail        |    51 |    68 |    76 |     9 ||   204
       Ring mail         |       |       |    39 |       ||    39
       Chain mail        |       |       |       |    37 ||    37
Dodge: Dodged            |    35 |    42 |   140 |    43 ||   260
Block: Shield            |    70 |    57 |   197 |    59 ||   383
